Unix NetHack Version 3.7.0-89 Work-in-progress - last build Sep 7 2023 15:16:41 (8494bff02b67719303c47e298deaa89034127798,branch:master). Game began 2023-09-09 22:19:30, ended 2023-09-09 22:49:38. grux, lawful female human Valkyrie ..- ....| -<.-- |%@.! |%%G. -.... ... Grux the Skirmisher St:16 Dx:18 Co:15 In:10 Wi:9 Ch:7 Lawful S:1788 Dlvl:6 $:268 HP:0(37) Pw:13(13) AC:2 Xp:5/310 T:2369 Satiated Deaf Latest messages: You feel that Tyr is well-pleased. You feel much better. You climb up the stairs. The giant ant bites! The housecat misses the giant ant. The giant ant bites! The housecat misses the giant ant. You miss the giant ant. The giant ant bites! The giant ant bites! The housecat misses the giant ant. The giant ant bites! The giant ant bites! You hit the giant ant! The giant ant bites! The giant ant bites! The giant ant bites! The housecat misses the giant ant. The giant ant bites! The giant ant bites! You can't go up here. You descend the stairs. What do you want to read? [fH or ?*] H You read the scroll. The scroll erupts in a tower of flame! Boom! Your apron smoulders further! Your candle catches light! You hear crashing rock. What do you want to read? [f or ?*] f As you read the scroll, it disappears. Your pair of iron shoes glows silver for a moment. What do you want to use or apply? [hkCFGJ or ?*] J Your bag is empty. You see here a partly eaten gnome corpse. You hit the gnome. The gnome just misses! You kill the gnome! You see here a partly eaten gnome corpse. You already found a monster. Use 'm' prefix to force another search. You kill the gnome! There is a gnome corpse here; eat it? [ynq] (n) y Blecch! Rotten food! The world spins and goes dark. The gnome hits! You die... Do you want your possessions identified? [ynq] (y) y Do you want to see your attributes? [ynq] (y) y Do you want an account of creatures vanquished? [ynaq] (y) y Do you want to see your conduct and achievements? [ynq] (y) q Inventory: Coins $ - 268 gold pieces Weapons b - a blessed +0 dagger n - a +1 spear (at the ready) a - the +0 Werebane (weapon in hand) Armor i - an uncursed +0 orcish helm (being worn) r - an uncursed +1 pair of iron shoes (being worn) c - an uncursed +3 small shield (being worn) t - an uncursed very burnt +0 alchemy smock with text "|on't es? w?th th? chef" (being worn) s - an uncursed +0 dwarvish cloak Comestibles g - a cursed slime mold Rings z - an uncursed ring of cold resistance B - an uncursed ring of regeneration x - an uncursed ring of slow digestion Wands C - a wand of death (0:7) k - a wand of striking (0:5) Tools J - an empty uncursed oilskin sack G - a +0 pick-axe F - a cursed skeleton key h - a cursed partly used tallow candle (lit) Gems/Stones u - 2 uncursed chrysoberyl stones p - an uncursed topaz stone K - an uncursed worthless piece of blue glass E - an uncursed worthless piece of orange glass Grux the Valkyrie's attributes: Background: You were a Skirmisher, a level 5 human Valkyrie. You were lawful, on a mission for Tyr who was opposed by Odin (neutral) and Loki (chaotic). You were in the Gnomish Mines, on level 6. You entered the dungeon 2369 turns ago. It was nighttime. You had 310 experience points, 10 more were needed to attain level 6. Your score was 1788 before end-of-game adjustments. Basics: You had 0 out of 37 hit points. You had all 13 energy points (spell power). Your armor class was 2. Your wallet contained 268 zorkmids. Autopickup was on for '$' plus thrown. Final Characteristics: Your strength was 16 (limit:18/100). Your dexterity was 18 (limit:18). Your constitution was 15 (limit:18). Your intelligence was 10 (limit:18). Your wisdom was 9 (limit:18). Your charisma was 7 (limit:18). Final Status: You were deaf. You were satiated. You were unencumbered. You were wielding a saber. You had basic skill with saber. Final Attributes: You were piously aligned. You were cold resistant. You were poison resistant. You were acid resistant. Your items were protected from acid. You were stealthy. You were warded. You are dead. Miscellaneous: You never encountered a bones level. Total elapsed playing time was 30 minutes and 7 seconds. Major events: Turn 1: grux the lawful human Valkyrie entered the dungeon 262: entered the Gnomish Mines 566: found Werebane carried by a monster 568: attained the rank of Skirmisher (level 3) 2369: killed by a gnome, while unconscious from rotten food Vanquished creatures: 2 gnome leaders a gnomish wizard a gray ooze a floating eye 3 dwarves a rothe 2 dwarf zombies a wererat 2 werejackals an iguana 2 cave spiders a brown mold 21 gnomes 5 jackals a fox a kobold 2 goblins 4 sewer rats 3 grid bugs 2 bats 2 lichens 2 newts 61 creatures vanquished. No species were genocided or became extinct. Voluntary challenges: You read items or engraved 5 times. You never engraved Elbereth. You never genocided any monsters. You never polymorphed an object. You never changed form. You used no wishes. Achievements: You entered the Gnomish Mines. You attained the rank of Skirmisher. You entered a shop. The Dungeons of Doom: levels 1 to 4 Level 1: Level 2: Level 3: An altar to Tyr, a fountain. Stairs down to The Gnomish Mines. Level 4: A jewelers. The Gnomish Mines: levels 4 to 6 Level 4: Level 5: Level 6: <- You were here. Final resting place for you, killed by a gnome, while unconscious from rotten food. Game over: ---------- / \ / REST \ / IN \ / PEACE \ / \ | grux | | 268 Au | | killed by a | | gnome | | | | | | 2023 | *| * * * | * _________)/\\_//(\/(/\)/\//\/|_)_______ Farvel grux the Valkyrie... You died in The Gnomish Mines on dungeon level 6 with 1762 points, and 268 pieces of gold, after 2369 moves. You were level 5 with a maximum of 37 hit points when you died.